 Dungeon Crawl Stone Soup version 0.28.0 (webtiles) character file.

Game seed: 13743164630461573200

10 zeram the Firebug (level 2, 0/17 HPs)
             Began as a Gargoyle Wanderer on Feb 9, 2022.
             Frozen to death by an endoplasm (2 damage)
             ... on level 1 of the Dungeon.
             The game lasted 00:00:40 (386 turns).

zeram the Firebug (Gargoyle Wanderer)                Turns: 386, Time: 00:00:42

Health: 0/17       AC:  5    Str: 12    XL:     2   Next: 20%
Magic:  3/3        EV: 11    Int: 14    God:
Gold:   7          SH:  0    Dex: 10    Spells: 3/3 levels left

rFire   . . .      SeeInvis .   a - +0 club
rCold   . . .      Faith    .   (no shield)
rNeg    + . .      Spirit   .   b - +0 robe
rPois   ∞          Reflect  .   (no helmet)
rElec   +          Harm     .   (no cloak)
rCorr   .          Rampage  .   c - +0 pair of gloves
Will    .....                   (no boots)
Stlth   ++........              (no amulet)
HPRegen 0.05/turn               (no ring)
MPRegen 0.08/turn               (no ring)

@: no status effects
A: sickness immunity, AC +2, negative energy resistance 1, electricity
resistance, torment resistance 1, petrification resistance
a: no special abilities


You were on level 1 of the Dungeon.
You visited 1 branch of the dungeon, and saw 1 of its levels.

You collected 7 gold pieces.

Inventory:

Hand Weapons
 a - a +0 club (weapon)
Armour
 b - a +0 robe (worn)
 c - a +0 pair of gloves (worn)
Potions
 d - a potion of attraction {unknown}
 f - 2 potions of lignification {unknown}


   Skills:
 + Level 1.9 Fighting
 + Level 0.4 Maces & Flails
 + Level 1.5 Armour
 + Level 0.1 Dodging
 - Level 2.1 Stealth
 - Level 1.0 Spellcasting
 - Level 3.0 Fire Magic
 - Level 2.0 Ice Magic


You had 3 spell levels left.
You didn't know any spells.
Your spell library contained the following spells:

 Spells                   Type           Power      Damage    Failure   Level
 Freeze                   Ice            24%        1d5       12%         1
 Foxfire                  Conj/Fire      16%        2x1d4     14%         1
 Frozen Ramparts          Ice            12%        1d3       34%         3
 Conjure Flame            Conj/Fire      4%         6-21      38%         3
 Ignite Poison            Fire/Tmut/Pois 3%         N/A       45%         3


Dungeon Overview and Level Annotations

Branches:
Dungeon (1/15)

Altars:


Innate Abilities, Weirdness & Mutations

You are immune to sickness and miasma.
Your stone body is resilient. (AC +2)
You are immune to poison.
You resist negative energy. (rN+)
You are resistant to electric shocks. (rElec)
You are resistant to unholy torment.
You are immune to petrification.


Message History

The rat bites you but does no damage. The rat barely misses you.
You hit the rat.
You kill the rat!
You miss the frilled lizard. The frilled lizard closely misses you.
You hit the frilled lizard.
You kill the frilled lizard!
Found a stone staircase leading down.
The helpless bat fails to defend itself.
You hit the bat.
You kill the bat!
No target in view!
As you read the scroll labelled WUYL SUAPH, it crumbles to dust.
You feel aware of your surroundings.
You sensed 1 altar.
It was a scroll of magic mapping.
You now have 7 gold pieces.
An endoplasm comes into view.
An endoplasm is nearby!
An endoplasm is nearby!
An endoplasm is nearby!
The endoplasm quivers.
The endoplasm freezes you.
You are frozen.
You hit the endoplasm but do no damage. The endoplasm freezes you.
You are frozen.
You hit the endoplasm.
The endoplasm is severely wounded.
The endoplasm freezes you.
You are frozen.
You are too injured to fight recklessly!
You are too injured to fight recklessly!
You are too injured to fight recklessly!
You hit the endoplasm but do no damage.
The endoplasm is severely wounded.
The endoplasm freezes you.
You are frozen.
* * * LOW HITPOINT WARNING * * *
The endoplasm freezes you.
You are frozen.
You die...

#.#....##.#....#.###
#.#.........##.#.*
#.........#.##.#+###
#.#..#.####.##......
#.#..#.####.##......
###.........##......
#.##.#######.#+##.
###.##.....,,*,*,*#.
#..@.......,,,,*,*##
#.#J#..#####,***,*
#.#.#....# *,* *,*
#,#..,##.# *,* *,*
*,###***,# *,***+***
*,* *,* *,,,,,,,,
*,* *,******,,,**
*,* *,,,****,,,* *,*
*,,,,,,,,,,*


You could see an endoplasm.

Vanquished Creatures
  A ball python (D:1)
  2 bats (D:1)
  A giant cockroach (D:1)
  2 goblins (D:1)
  A hobgoblin (D:1)
  A frilled lizard (D:1)
  A rat (D:1)
9 creatures vanquished.

Notes
Turn   | Place    | Note
-------+----------+-------------------------------------------
     0 | D:1      | zeram the Gargoyle Wanderer began the quest for the Orb.
     0 | D:1      | zeram set off with the following items: a +0 club, a +0
                  | robe, a +0 pair of gloves; and the following spells
                  | available to memorise: Freeze, Foxfire, Frozen Ramparts,
                  | Conjure Flame, Ignite Poison
     0 | D:1      | Reached XP level 1. HP: 12/12 MP: 2/2
   168 | D:1      | Reached XP level 2. HP: 14/17 MP: 3/3
   386 | D:1      | Frozen to death by an endoplasm

Illustrated notes

Levels and vault maps discovered:
D:1:      evilmike_arrival_crescent, layout_basic,
          shapermc_ecumenical_altar_notcrosses, minmay_tetromino_t4

Action                   || total
-------------------------++-------
Melee: Club              ||    31
  Use: Scroll            ||     1
 Stab: Sleeping          ||     1
Armor: Robe              ||    16
Dodge: Dodged            ||    18
